 Dungeon Crawl Stone Soup version 0.32-a0-485-g70f7560b1c (webtiles) character file.

Game seed: 8758612802718769951

13292 ragingrage the Slicer (level 11, -11/92 HPs)
             Began as an Armataur Necromancer on Feb 27, 2024.
             Was a Follower of Uskayaw.
             Mangled by a two-headed ogre
             ... wielding a +1 great mace of flaming
              (17 damage)
             ... in a volcano.
             The game lasted 00:17:38 (9956 turns).

ragingrage the Slicer (Armataur Necromancer)        Turns: 9956, Time: 00:17:39

Health: -11/92     AC: 12    Str: 14    XL:     11   Next: 73%
Magic:  16/16      EV: 13    Int: 15    God:    Uskayaw [*.....]
Gold:   479        SH:  5    Dex: 15    Spells: 5/13 levels left

rFire   + + .        b - +0 dagger (venom)
rCold   x . .        h - +0 buckler
rNeg    . . .        r - +1 ring mail {rF+}
rPois   .            G - +2 helmet {SInv}
rElec   .            J - +0 cloak
rCorr   .            p - +0 pair of gloves
SInv    +            (no barding)
Will    .....        q - amulet of the acrobat
Stlth   +++          f - +5 ring of evasion
HPRegen 0.35/turn    c - ring of fire
MPRegen 0.15/turn

%: acrobat, roll
@: weak-willed
A: large, deformed body, tough skin 3, armoured tail, roll 2
a: Renounce Religion, Stomp


You were in a volcano.
You worshipped Uskayaw.
Uskayaw was noncommittal.
You visited 3 branches of the dungeon, and saw 11 of its levels.
You also visited: Ossuary and Volcano.

You collected 754 gold pieces.
You spent 275 gold pieces at shops.

Inventory:

Hand Weapons
 a - a +0 short sword of flaming
 b - a +0 dagger of venom (weapon)
 y - a +0 orcbow
 H - the +5 hammer "Moadul" {flame, rElec rPois Int+2}
   (You found it on level 6 of the Dungeon)

   Int+2:     It affects your intelligence (+2).
   rElec:     It insulates you from electricity.
   rPois:     It protects you from poison
 I - the +7 hammer of Gaachutz {spect, ^Fragile +Blink rPois Int+4}
   (You found it on level 6 of the Dungeon)

   Int+4:     It affects your intelligence (+4).
   rPois:     It protects you from poison +Blink: It lets you blink.
   ^Fragile:  It will be destroyed if unequipped.
 P - a +3 dagger
 Q - a +0 scimitar
Missiles
 g - 5 javelins
 k - 11 poisoned darts (quivered)
Armour
 h - a +0 buckler (worn)
 p - a +0 pair of gloves (worn)
 r - a +1 ring mail of fire resistance (worn)
 G - a +2 helmet of see invisible (worn)
 J - a +0 cloak (worn)
 T - +0 swamp dragon scales
Jewellery
 c - a ring of fire (right hand)
 f - a +5 ring of evasion (left hand)
 q - an amulet of the acrobat (around neck)
 s - the ring "Habuteg" {rElec Will- rCorr Str+3}
   (You found it on level 5 of the Dungeon)

   [ring of resist corrosion]

   Str+3:     It affects your strength (+3).
   rElec:     It insulates you from electricity.
   Will-:     It decreases your willpower.
   rCorr:     It protects you from acid and corrosion.
 x - an amulet of guardian spirit
 N - a +6 ring of intelligence
Wands
 e - a wand of roots (6)
 O - a wand of mindburst (3)
 R - a wand of acid (2)
 S - a wand of polymorph (11)
Scrolls
 d - 2 scrolls of vulnerability
 i - 3 scrolls of teleportation
 l - 3 scrolls of enchant weapon
 m - 4 scrolls of revelation
 o - a scroll of noise
 t - 2 scrolls of amnesia
 v - 3 scrolls of fear
 z - 2 scrolls of fog {unknown}
 L - a scroll of immolation
Potions
 j - a potion of mutation {unknown}
 n - 4 potions of magic
 u - 2 potions of cancellation {unknown}
 w - 2 potions of enlightenment {unknown}
 B - 3 potions of resistance {unknown}
 C - 3 potions of berserk rage {unknown}
 D - 3 potions of degeneration {unknown}
 E - a potion of brilliance {unknown}
 F - a potion of haste {unknown}
 K - a potion of heal wounds


   Skills:
 + Level 7.5 Fighting
 - Level 13.5 Short Blades
 - Level 4.0 Throwing
 + Level 2.3 Armour
 - Level 1.3 Dodging
 + Level 6.2 Stealth
 - Level 3.0 Shields
 - Level 1.7 Spellcasting
 - Level 4.0 Necromancy
 + Level 7.8 Invocations


You had 5 spell levels left.
You knew the following spells:

 Your Spells              Type           Power      Damage    Failure   Level
a - Necrotise             Necr           52%        1d6       12%         1
b - Vampiric Draining     Necr           13%        2d6       34%         3
c - Animate Dead          Necr           13%        N/A       75%         4

Your spell library contained the following spells:

 Spells                   Type           Power      Damage    Failure   Level
 Cigotuvi's Dreadful Rot  Necr/Alch/Air  10%        N/A       47%         2
 Mercury Vapours          Alch/Air       2%         N/A       67%         2
 Mephitic Cloud           Conj/Alch/Air  1%         N/A       88%         3
 Curse of Agony           Necr           13%        N/A       97%         5
 Ignite Poison            Fire/Alch      1%         N/A       99%         4
 Freezing Cloud           Conj/Ice/Air   0%         6-21      100%        5
 Silence                  Hex/Air        0%         N/A       100%        5
 Conjure Ball Lightning   Conj/Air       0%         3x3d6     100%        6
 Plasma Beam              Fire/Air       0%         2x1d10    100%        6


Dungeon Overview and Level Annotations

Branches:
Dungeon (9/15)             Temple (1/1) D:5            Lair (1/5) D:8
Ossuary (visited)         Volcano (1/1)
    Orc: D:9-12

Altars:
Ashenzari
Cheibriados
Dithmenos
Elyvilon
Fedhas
Gozag
Hepliaklqana
Kikubaaqudgha
Makhleb
Nemelex Xobeh
Qazlal
Ru
Sif Muna
Uskayaw
Vehumet
Wu Jian
Yredelemnul
Zin
The Shining One

Shops:
D:5 [

Annotations:
D:1 exclusion: downstairs
D:4 3 runed translucent doors, Splishie's ghost, novice GnSh
D:6 Dowan
D:9 3 runed translucent doors, exclusions: freezing wraith and steam dragon


Innate Abilities, Weirdness & Mutations

Armour fits poorly on your strangely shaped body.
You have extremely tough skin. (AC +3)
You have a long armoured tail.
You regenerate magic and health when rolling toward enemies. (Rampage Regen)


Message History

Really read the scroll of vulnerability?
As you read the scroll of vulnerability, it crumbles to dust.
A wave of despondency washes over your surroundings.
Aiming: Paralyse
Press: ? - help, Shift-Dir - straight line, f - two-headed ogre
Aim: a two-headed ogre, wielding a +1 great mace of flaming and a +2 great mace of flaming (lightly wounded, fast, poisoned, weak-willed, chance to affect: 49%)
The two-headed ogre resists with some effort.
The two-headed ogre hits you but does no damage.
The two-headed ogre hits you with a +2 great mace of flaming.
Aiming: Paralyse
Press: ? - help, Shift-Dir - straight line, f/p - two-headed ogre
Aim: a two-headed ogre, wielding a +1 great mace of flaming and a +2 great mace of flaming (lightly wounded, fast, poisoned, weak-willed, chance to affect: 49%)
The two-headed ogre resists with some effort.
The two-headed ogre hits you with a +1 great mace of flaming!
The two-headed ogre burns you. The two-headed ogre closely misses you.
Aiming: Paralyse
Press: ? - help, Shift-Dir - straight line, f/p - two-headed ogre
Aim: a two-headed ogre, wielding a +1 great mace of flaming and a +2 great mace of flaming (lightly wounded, fast, poisoned, weak-willed, chance to affect: 49%)
The two-headed ogre resists with some effort.
You block the two-headed ogre's attack.
The two-headed ogre hits you with a +2 great mace of flaming.
Aiming: Paralyse
Press: ? - help, Shift-Dir - straight line, f/p - two-headed ogre
Aim: a two-headed ogre, wielding a +1 great mace of flaming and a +2 great mace of flaming (lightly wounded, fast, poisoned, weak-willed, chance to affect: 49%)
The two-headed ogre resists with some effort.
The two-headed ogre hits you with a +1 great mace of flaming!
The two-headed ogre hits you with a +2 great mace of flaming!
The two-headed ogre burns you.
Aiming: Paralyse
Press: ? - help, Shift-Dir - straight line, f/p - two-headed ogre
Aim: a two-headed ogre, wielding a +1 great mace of flaming and a +2 great mace of flaming (lightly wounded, fast, poisoned, weak-willed, chance to affect: 49%)
The two-headed ogre resists with some effort.
The now-empty wand crumbles to dust.
The two-headed ogre hits you with a +1 great mace of flaming!!
* * * LOW HITPOINT WARNING * * *
The two-headed ogre burns you.
* * * LOW HITPOINT WARNING * * *
The two-headed ogre hits you with a +2 great mace of flaming!
You die...
Your body falls in perfect tune with the rhythm.

...#.(≈O.#
..#ß≈≈≈ß#
.'..≈..+ ≈
'.....+ ≈≈ ≈§
#ß...ß# #§≈
§≈≈###.....###§≈≈
§≈§≈≈§.....≈≈≈§§#
≈≈§§≈§ßO..ß≈≈≈§#
#≈≈≈§≈.@..§≈§###
###≈≈≈..)..≈§#
#≈≈§ß.#.ß≈##
####.....##
#.....# #ß...ß#
#.....# #.....#
#ß...ß#


You could see a two-headed ogre (fast, poisoned, weak-willed).

Vanquished Creatures
  2 two-headed ogres
  Pikel (D:4)
  A cyclops (D:8)
  Joseph (D:7)
  Maggie (D:7)
  A rime drake (Lair:1)
  2 komodo dragons (Lair:1)
  Grinder (D:6)
  Sigmund (D:2)
  A vampire (D:8)
  5 yaks (D:8)
  A wyvern (D:9)
  A basilisk (Lair:1)
  2 steam dragons
  A water moccasin (Lair:1)
  A sky beast (D:8)
  An orc warrior (D:7)
  5 ice beasts
  An ogre (D:5)
  5 centaurs
  4 lemures (D:4)
  A phantom (D:8)
  A kobold brigand (D:7)
  5 bullfrogs
  A gnoll sergeant (D:6)
  10 scorpions
  5 wights (D:8)
  A howler monkey (D:8)
  2 electric eels (Lair:1)
  An orc priest (D:5)
  3 jellies
  A centaur zombie (Ossuary)
  A bombardier beetle (D:5)
  4 human zombies (Ossuary)
  10 hounds
  2 sleepcaps
  Crazy Yiuf (D:6)
  3 gnoll boudas
  2 iguanas (D:5)
  Natasha (thrice) (D:4)
  2 orc wizards
  3 mummies (Ossuary)
  Robin (D:2)
  13 gnolls
  6 adders
  2 shadow imps
  4 adder zombies (Ossuary)
  A ribbon worm (D:6)
  4 dart slugs
  17 orcs
  4 ball pythons
  6 endoplasms
  2 giant cockroaches
  11 goblins
  5 hobgoblins
  4 jackals (D:1)
  3 quokkas
  2 ball python zombies (Ossuary)
  4 bats
  5 gnoll zombies (Ossuary)
  A goblin zombie (D:5)
  3 jackal zombies (Ossuary)
  10 kobolds
  3 orc zombies (Ossuary)
  A quokka zombie (D:5)
  7 rats
220 creatures vanquished.

Vanquished Creatures (collateral kills)
  A ball python (D:1)
  A goblin (D:4)
2 creatures vanquished.

Vanquished Creatures (others)
  A howler monkey (D:7)
  A hound (D:8)
2 creatures vanquished.

Grand Total: 224 creatures vanquished

Notes
Turn   | Place    | Note
-------+----------+-------------------------------------------
     0 | D:1      | ragingrage the Armataur Necromancer began the quest for the
                  | Orb.
     0 | D:1      | Reached XP level 1. HP: 14/14 MP: 3/3
   102 | D:1      | Reached skill level 1 in Fighting
   123 | D:1      | Reached XP level 2. HP: 10/23 MP: 1/4
   487 | D:1      | Found a faded altar of an unknown god.
   747 | D:2      | Noticed Sigmund
   980 | D:2      | Reached XP level 3. HP: 21/29 MP: 2/5
  1042 | D:2      | Found a basalt altar of Yredelemnul.
  1059 | D:2      | Reached skill level 1 in Short Blades
  1059 | D:2      | Reached skill level 1 in Shields
  1245 | D:2      | Noticed Robin
  1785 | D:2      | Killed Robin
  1786 | D:2      | Reached XP level 4. HP: 36/36 MP: 0/6
  1814 | D:2      | Killed Sigmund
  1815 | D:2      | Reached skill level 3 in Short Blades
  1815 | D:2      | Reached XP level 5. HP: 41/41 MP: 7/7
  2580 | D:4      | Reached XP level 6. HP: 48/48 MP: 3/8
  2582 | D:4      | Reached skill level 4 in Short Blades
  2717 | D:4      | Noticed an ice beast
  2722 | D:4      | Noticed Splishie's ghost (novice GnSh)
  2756 | D:4      | Found a runed translucent gate.
  2756 | D:4      | Found a runed translucent gate.
  2756 | D:4      | Found a runed translucent gate.
  2990 | D:4      | Learned a level 3 spell: Vampiric Draining
  2995 | D:4      | Learned a level 4 spell: Animate Dead
  3024 | D:4      | Noticed Pikel
  3168 | D:5      | Entered Level 5 of the Dungeon
  3301 | D:5      | Gained mutation: You regenerate magic and health when
                  | rolling toward enemies. (Rampage Regen) [Armataur growth]
  3301 | D:5      | Reached XP level 7. HP: 52/55 MP: 9/9
  3369 | D:5      | Reached skill level 5 in Short Blades
  3409 | D:5      | Identified the ring "Habuteg" {rElec Will- rCorr Str+3}
  3429 | D:5      | Found a staircase to the Ecumenical Temple.
  3438 | Temple   | Entered the Ecumenical Temple
  3450 | Temple   | Became a worshipper of Uskayaw the Reveller
  3488 | D:5      | Reached skill level 6 in Short Blades
  3494 | D:5      | Reached * piety under Uskayaw
  3550 | D:5      | Found Imicwil's Antique Armour Emporium.
  3556 | D:5      | Reached ** piety under Uskayaw
  3697 | D:5      | Found a sand-covered staircase.
  3705 | Ossuary  | Entered an ossuary
  3846 | Ossuary  | Reached *** piety under Uskayaw
  3994 | Ossuary  | Reached skill level 7 in Short Blades
  3994 | Ossuary  | Reached XP level 8. HP: 52/61 MP: 10/10
  4569 | D:5      | Reached skill level 8 in Short Blades
  4690 | D:5      | Bought a glimmering leather armour for 133 gold pieces
  4690 | D:5      | Identified the +1 leather armour of the Giraffatuar {Str+5
                  | Dex-5 SInv Stlth+} (You bought it in a shop on level 5 of
                  | the Dungeon)
  4690 | D:5      | Bought a runed helmet for 142 gold pieces
  4825 | D:5      | Found a hazy altar of Hepliaklqana.
  4842 | D:5      | Reached skill level 13 in Short Blades
  4842 | D:5      | Reached XP level 9. HP: 67/67 MP: 11/11
  4843 | D:5      | Reached skill level 5 in Stealth
  4843 | D:5      | Reached XP level 10. HP: 80/80 MP: 11/13
  5114 | D:4      | Noticed Natasha
  5116 | D:4      | Killed Natasha
  5258 | D:4      | Killed Pikel
  5258 | D:4      | Reached **** piety under Uskayaw
  5306 | D:4      | Noticed Natasha
  5311 | D:4      | Killed Natasha
  5313 | D:4      | Noticed Natasha
  5321 | D:4      | Killed Natasha
  5671 | D:6      | Reached skill level 5 in Fighting
  5859 | D:6      | Found a runed translucent door.
  5865 | D:6      | Identified the +7 hammer "Felloum" {flame, ^Fragile rElec
                  | rF- Int+5}
  5869 | D:6      | Noticed Crazy Yiuf
  5882 | D:6      | Identified the +5 hammer "Moadul" {flame, rElec rPois
                  | Int+2}
  5885 | D:6      | Identified the +7 hammer of Gaachutz {spect, ^Fragile
                  | +Blink rPois Int+4}
  5902 | D:6      | Killed Crazy Yiuf
  6044 | D:6      | Noticed Dowan
  6097 | D:6      | Found a snail-covered altar of Cheibriados.
  6139 | D:6      | Found a basalt altar of Yredelemnul.
  6192 | D:6      | Noticed Grinder
  6193 | D:6      | Paralysed by Grinder for 5 turns
  6220 | D:6      | Paralysed by Grinder for 5 turns
  6227 | D:6      | Killed Grinder
  6228 | D:6      | Reached skill level 5 in Invocations
  6713 | D:6      | Found a white marble altar of Elyvilon.
  6900 | D:7      | Found an opulent altar of Gozag.
  6931 | D:7      | Found an ornate altar of the Wu Jian Council.
  6955 | D:7      | Noticed Maggie
  6957 | D:7      | Noticed Joseph
  6971 | D:7      | Saw a vision of the Swamp and the Spider Nest.
  6971 | D:7      | Found a broken altar of Ashenzari.
  6971 | D:7      | Noticed an emperor scorpion
  6971 | D:7      | Noticed a boulder beetle
  6971 | D:7      | Noticed a broodmother
  6971 | D:7      | Noticed a five-headed hydra
  6971 | D:7      | Noticed a steelbarb worm
  6971 | D:7      | Noticed a torpor snail
  6971 | D:7      | Noticed a wolf spider
  6971 | D:7      | Noticed a bunyip
  6971 | D:7      | Noticed a bunyip
  6972 | D:7      | Noticed an orb spider
  6972 | D:7      | Noticed a goliath frog
  6972 | D:7      | Noticed a radroach
  7074 | D:7      | Paralysed by a gnoll bouda for 3 turns
  7091 | D:7      | Paralysed by a gnoll bouda for 2 turns
  7688 | D:8      | Reached XP level 11. HP: 76/87 MP: 15/15
  7802 | D:8      | Found a staircase to the Lair.
  8094 | D:8      | Found a blossoming altar of Fedhas.
  8501 | D:7      | Killed Maggie
  8629 | D:7      | Killed Joseph
  8671 | D:7      | Found a glowing silver altar of Zin.
  9180 | D:9      | Noticed a two-headed ogre
  9229 | D:9      | Killed a two-headed ogre
  9402 | D:9      | Found a runed translucent door.
  9404 | D:9      | Noticed a two-headed ogre
  9406 | D:9      | Found a runed translucent door.
  9406 | D:9      | Found a runed translucent door.
  9408 | D:9      | Got Jeoraz's Almanac of Weather
  9413 | D:9      | Found the +5 demon whip "Spellbinder" {antimagic, disrupt,
                  | Will+}
  9430 | D:9      | Noticed an eight-headed hydra
  9494 | Lair:1   | Entered Level 1 of the Lair of Beasts
  9571 | Lair:1   | Reached skill level 1 in Armour
  9840 | Lair:1   | Found a dark tunnel.
  9900 | Volcano  | Entered a volcano
  9919 | Volcano  | Noticed a two-headed ogre
  9925 | Volcano  | Killed a two-headed ogre
  9928 | Volcano  | Noticed a two-headed ogre
  9928 | Volcano  | Noticed an ogre mage
  9956 | Volcano  | Mangled by a two-headed ogre

Illustrated notes

Levels and vault maps discovered:
D:1:      saegor_arrival_miasma, layout_basic,
          shapermc_ecumenical_altar_mp_highgroup
D:2:      layout_rooms, basic_altar, amcnicky_mini_corridor_feature, uniq_robin,
          uniq_sigmund
D:3:      layout_rooms
D:4:      layout_basic, gup_sewer_entry_glass, gammafunk_ghost_icy,
          uniq_natasha, uniq_pikel
D:5:      layout_basic, general_overflow_altar, minmay_temple_entry_waves,
          enter_ossuary_4, serial_shops, shop_coins, skrybe_limestone_x
D:6:      layout_loops_ring, nicolae_elyvilon_temple_path,
          yredelemnul_altar_generic, cheibrodos_worm_habitat,
          uniq_crazy_yiuf_cottage, uniq_duvessa, uniq_grinder
D:7:      layout_basic, grunt_ashenzari_visionary
          [grunt_ashenzari_visionary_swamp, grunt_ashenzari_visionary_spider],
          mainiacjoe_overflow_concentric_impassable,
          nicolae_gozag_cash_rules_everything_around_me, lemuel_doored_altar,
          minmay_misc_feat_room, minmay_alternating_orb, uniq_joseph,
          uniq_maggie
D:8:      layout_rooms, fedhas_ov_isle_minmay, lair_entry_dummy
D:9:      minmay_the_grid_four_pointed_star_mashed
          [minmay_the_grid_triangle_9x9_checkered,
          minmay_the_grid_triangle_9x9_fully_insulated_deathbox,
          minmay_the_grid_triangle_9x9_corruption,
          minmay_the_grid_triangle_9x9_sprig,
          minmay_the_grid_prize_four_corners_diamond_a], layout_rooms,
          okawaru_trees_1
Temple:   eino_wide_crystal_templ
Lair:1:   layout_chaotic_city, nicolae_volcano_entry_hallway,
          minmay_stone_trees_medium, serial_bayou_lagoon_b, uniq_nergalle
Volcano:  kennysheep_volcano_temple

Skill      XL: |  1  2  3  4  5  6  7  8  9 10 11 |
---------------+----------------------------------+-----
Fighting       | 1 2 4 5 7 |  7.5
Short Blades   | 1 3 4 7 13 | 13.5
Shields        | 1 3 |  3.0
Necromancy     | 4 |  4.0
Throwing       | 3 4 |  4.0
Stealth        | 5 6 |  6.2
Invocations    | 4 5 7 |  7.8
Armour         | 2 |  2.3
Dodging        | |  1.3
Spellcasting   | |  1.7

Action                     |  1- 3 |  4- 6 |  7- 9 | 10-12 || total
---------------------------+-------+-------+-------+-------++-------
  Melee: Unarmed           |    66 |       |       |       ||    66
         Tailslap          |     6 |    15 |    56 |   163 ||   240
         Short sword       |    11 |    24 |   176 |   259 ||   470
         Dagger            |       |    61 |   122 |   485 ||   668
  Throw: Dart              |       |     3 |       |    11 ||    14
   Cast: Necrotise         |    65 |    24 |       |       ||    89
 Invoke: Stomp             |       |       |       |     1 ||     1
  Evoke: Wand              |       |       |       |    14 ||    14
    Use: Potion            |       |       |     3 |     2 ||     5
         Scroll            |       |       |    11 |     6 ||    17
   Stab: Sleeping          |       |     3 |       |    11 ||    14
         Distracted        |       |     1 |       |       ||     1
         Paralysed         |       |       |     2 |    11 ||    13
 Armour: Robe              |    62 |    36 |     2 |       ||   100
         Ring mail         |       |       |   122 |   176 ||   298
         Swamp dragon scal |       |       |       |    87 ||    87
  Dodge: Dodged            |    52 |    38 |   125 |   294 ||   509
  Block: Buckler           |     4 |    10 |    45 |   103 ||   162

Table legend: (Time is in decaauts)
 A = Elapsed time spent in this place.
 B = Non-inter-level travel time spent in this place.
 C = Inter-level travel time spent in this place.
 D = Time resting spent in this place.
 E = Time spent auto-exploring this place.
 F = Levels seen in this place.
 G = Mean time per level.
                   A        B        C        D        E       F      G
               +--------+--------+--------+--------+--------+-----+--------+
         Total |   9492 |   8656 |    836 |   1857 |   4281 |  13 |  730.2 |
       Dungeon |   8363 |   7550 |    813 |   1360 |   4118 |   9 |  929.2 |
        Temple |     24 |      1 |     23 |      0 |      0 |   1 |   24.0 |
          Lair |    373 |    373 |      0 |    198 |      0 |   1 |  373.0 |
       Ossuary |    677 |    677 |      0 |    299 |    145 |   1 |  677.0 |
       Volcano |     53 |     53 |      0 |      0 |     18 |   1 |   53.0 |
               +--------+--------+--------+--------+--------+-----+--------+

Top non-repeatable levels by time:
     D:8: 1377 daAuts
     D:1: 1249 daAuts
     D:6: 1224 daAuts
     D:4: 1220 daAuts
     D:5: 1026 daAuts
     D:7: 853 daAuts
     D:2: 763 daAuts
 Ossuary: 677 daAuts
     D:3: 479 daAuts
  Lair:1: 373 daAuts
     D:9: 168 daAuts
 Volcano: 53 daAuts
  Temple: 24 daAuts
